cohdb
Replays
Latest Replays
All Replays
Popular Replays
Top Player Replays
Match Explorer
How It Works
Community
CoH3 Stats
Reddit
Sign in to upload your games and track your stats! →
Sign in with Steam
Match 45210528
Unlisted
Match 45210528
Overview
Messages
Build Orders
End
Panzergrenadier Squad
Selects Italian Infantry
Panzergrenadier Squad
Construct Light Support Kompanie
2.5-tonne Medical Truck
Assault Grenadier Squad
Selects Defensive Operations
Fire Support Elements
le.IG 18 Support Gun Team
Pak 38 Anti-tank Gun Team
Flakvierling Half-track
Panzergrenadier Squad
Construct Panzerarmee Kommand
Panzer III L Medium Tank
Selects Prepared Positions
Selects Obice 305mm Barrage
Advanced Field Repairs
Veteran Squad Leaders
AI Takeover
Thelolzoflolz
Mullogun
Greymatter
LightKazi
0
0
Comments
sign in to comment!
No comments posted yet!